TOP OF THE 1ST |
Kingston Iguanas batting - Pitching for Penquannock Overrated Jeter : LHP Carlos Thomas
|
Pitching: LHP Carlos Thomas
|
|
Batting: RHB Jeff Garman
|
0-0: Ground out 5-3 (Groundball, 5)
|
Batting: LHB José Torres
|
0-0: Called Strike 0-1: Hit by Pitch
|
Batting: LHB Zhi-huan Loong
|
0-0: Called Strike 0-1: Called Strike 0-2: Ball 1-2: Fly out, F4 (Flyball, 3D)
|
Batting: SHB Pepe Piña
|
0-0: Called Strike 0-1: Foul Ball, location: 2F 0-2: Ball 1-2: Fly out, F8 (Line Drive, 8RM)
|
Top of the 1st over - 0 run(s), 0 hit(s), 0 error(s), 1 left on base; Kingston 0 - Penquannock 0 |
BOTTOM OF THE 1ST |
Penquannock Overrated Jeter batting - Pitching for Kingston Iguanas : RHP Leonardo Lorenzo
|
Pitching: RHP Leonardo Lorenzo
|
|
Batting: LHB Bill McJannett
|
0-0: Foul Ball, location: 2F 0-1: Ball 1-1: Foul Ball, location: 2F 1-2: Strikes out swinging
|
Batting: RHB Juan Costello
|
0-0: Ball 1-0: Ball 2-0: Called Strike 2-1: Ball 3-1: Base on Balls
|
Batting: RHB Ignacio Flores
|
0-0: Ball Juan Costello is caught stealing 2nd base 1-0: Called Strike 1-1: Fly out, F8 (Flyball, 8RM)
|
Bottom of the 1st over - 0 run(s), 0 hit(s), 0 error(s), 0 left on base; Kingston 0 - Penquannock 0 |
TOP OF THE 2ND |
Kingston Iguanas batting - Pitching for Penquannock Overrated Jeter : LHP Carlos Thomas
|
Batting: LHB Bob Greene
|
0-0: Called Strike 0-1: Ball 1-1: Called Strike 1-2: Strikes out swinging
|
Batting: LHB Dave Gordon
|
0-0: Ball 1-0: Swinging Strike 1-1: Foul Ball, location: 2F 1-2: Foul Ball, location: 2F 1-2: Strikes out swinging
|
Batting: RHB Bill Crawley
|
0-0: Called Strike 0-1: Ball 1-1: SINGLE (Line Drive, 4M)
|
Batting: RHB Ken MacDonald
|
0-0: Foul Ball, location: 2F 0-1: Ball 1-1: Ball 2-1: Fielders Choice at 2nd, 6-4 (Groundball, 6)
|
Top of the 2nd over - 0 run(s), 1 hit(s), 0 error(s), 0 left on base; Kingston 0 - Penquannock 0 |
BOTTOM OF THE 2ND |
Penquannock Overrated Jeter batting - Pitching for Kingston Iguanas : RHP Leonardo Lorenzo
|
Batting: RHB Tim Hanson
|
0-0: Ball 1-0: Ground out 1-3 (Groundball, 13)
|
Batting: LHB Todd Barnes
|
0-0: SINGLE (Line Drive, 34D)
|
Batting: RHB Juan Velásquez
|
0-0: Foul Ball, location: 2F 0-1: Foul Ball, location: 2F 0-2: Foul Ball, location: 2F 0-2: Strikes out swinging
|
Batting: RHB Bernardo Enríquez
|
0-0: Called Strike 0-1: Foul Ball, location: 2F 0-2: Ball 1-2: SINGLE (Line Drive, 4MD) Todd Barnes to second Runner from 2nd tries for 3rd, SAFE, throw made to third
|
Batting: RHB Arturo Rodríguez
|
0-0: Called Strike 0-1: Ball 1-1: Swinging Strike 1-2: Ground out 5-3 (Groundball, 56S)
|
Bottom of the 2nd over - 0 run(s), 2 hit(s), 0 error(s), 2 left on base; Kingston 0 - Penquannock 0 |
TOP OF THE 3RD |
Kingston Iguanas batting - Pitching for Penquannock Overrated Jeter : LHP Carlos Thomas
|
Batting: RHB Salvador Vega
|
0-0: Ball 1-0: Ball 2-0: Swinging Strike 2-1: Swinging Strike 2-2: SINGLE (Line Drive, 78S)
|
Batting: RHB Jeff Garman
|
0-0: Ball 1-0: Ground out 3-1 (Groundball, 34) Salvador Vega to second
|
Batting: LHB José Torres
|
0-0: Foul Ball, location: 2F 0-1: Fly out, F4 (Popup, 9LS)
|
Batting: LHB Zhi-huan Loong
|
0-0: Ball 1-0: Foul Ball, location: 2F 1-1: Ball 2-1: Ball 3-1: Foul Ball, location: 2F 3-2: Fly out, F5 (Line Drive, 5)
|
Top of the 3rd over - 0 run(s), 1 hit(s), 0 error(s), 1 left on base; Kingston 0 - Penquannock 0 |
BOTTOM OF THE 3RD |
Penquannock Overrated Jeter batting - Pitching for Kingston Iguanas : RHP Leonardo Lorenzo
|
Batting: RHB Barton Frazier
|
0-0: Called Strike 0-1: Foul Ball, location: 2F 0-2: Strikes out looking
|
Batting: LHB Bill McJannett
|
0-0: Ball 1-0: Foul Ball, location: 2F 1-1: Ball 2-1: Ground out 3-1 (Groundball, 34)
|
Batting: RHB Juan Costello
|
0-0: Called Strike 0-1: Bunted foul 0-2: Ball 1-2: Ball 2-2: Ground out 6-3 (Groundball, 6M)
|
Bottom of the 3rd over - 0 run(s), 0 hit(s), 0 error(s), 0 left on base; Kingston 0 - Penquannock 0 |
TOP OF THE 4TH |
Kingston Iguanas batting - Pitching for Penquannock Overrated Jeter : LHP Carlos Thomas
|
Batting: SHB Pepe Piña
|
0-0: Called Strike 0-1: Called Strike 0-2: Strikes out looking
|
Batting: LHB Bob Greene
|
0-0: Called Strike 0-1: Swinging Strike 0-2: Ball 1-2: Strikes out looking
|
Batting: LHB Dave Gordon
|
0-0: Called Strike 0-1: Called Strike 0-2: Foul Ball, location: 2F 0-2: Foul Ball, location: 2F 0-2: Ground out 4-3 (Groundball, 4)
|
Top of the 4th over - 0 run(s), 0 hit(s), 0 error(s), 0 left on base; Kingston 0 - Penquannock 0 |
BOTTOM OF THE 4TH |
Penquannock Overrated Jeter batting - Pitching for Kingston Iguanas : RHP Leonardo Lorenzo
|
Batting: RHB Ignacio Flores
|
0-0: Foul Ball, location: 2F 0-1: Called Strike 0-2: Ball 1-2: Ball 2-2: Foul Ball, location: 2F 2-2: SINGLE (Line Drive, 34)
|
Batting: RHB Tim Hanson
|
0-0: Called Strike Ignacio Flores steals 2nd base 0-1: Called Strike 0-2: Ball 1-2: Strikes out looking
|
Batting: LHB Todd Barnes
|
0-0: Ball 1-0: Swinging Strike 1-1: Foul Ball, location: 2F 1-2: Foul Ball, location: 2F 1-2: Strikes out swinging
|
Batting: RHB Juan Velásquez
|
0-0: Ball 1-0: Called Strike 1-1: Ball 2-1: Foul Ball, location: 2F 2-2: Strikes out swinging
|
Bottom of the 4th over - 0 run(s), 1 hit(s), 0 error(s), 1 left on base; Kingston 0 - Penquannock 0 |
TOP OF THE 5TH |
Kingston Iguanas batting - Pitching for Penquannock Overrated Jeter : LHP Carlos Thomas
|
Batting: RHB Bill Crawley
|
0-0: Ball 1-0: Called Strike 1-1: Bunt missed! 1-2: Strikes out swinging
|
Batting: RHB Ken MacDonald
|
0-0: Swinging Strike 0-1: Ground out 5-3 (Groundball, 5)
|
Batting: RHB Salvador Vega
|
0-0: Ball 1-0: Foul Ball, location: 2F 1-1: Foul Ball, location: 2F 1-2: Strikes out swinging
|
Top of the 5th over - 0 run(s), 0 hit(s), 0 error(s), 0 left on base; Kingston 0 - Penquannock 0 |
BOTTOM OF THE 5TH |
Penquannock Overrated Jeter batting - Pitching for Kingston Iguanas : RHP Leonardo Lorenzo
|
Batting: RHB Bernardo Enríquez
|
0-0: Ground out 1-3 (Groundball, 13S)
|
Batting: RHB Arturo Rodríguez
|
0-0: Called Strike 0-1: Ground out 4-3 (Groundball, 34)
|
Batting: RHB Barton Frazier
|
0-0: Ball 1-0: Called Strike 1-1: Ball 2-1: Ball 3-1: Base on Balls
|
Batting: LHB Bill McJannett
|
0-0: Called Strike 0-1: Ball 1-1: Fly out, F8 (Flyball, 8LS)
|
Bottom of the 5th over - 0 run(s), 0 hit(s), 0 error(s), 1 left on base; Kingston 0 - Penquannock 0 |
TOP OF THE 6TH |
Kingston Iguanas batting - Pitching for Penquannock Overrated Jeter : LHP Carlos Thomas
|
Batting: RHB Jeff Garman
|
0-0: Ball 1-0: Ground out 6-3 (Groundball, 56)
|
Batting: LHB José Torres
|
0-0: Called Strike 0-1: Called Strike 0-2: Ball 1-2: Strikes out looking
|
Batting: LHB Zhi-huan Loong
|
0-0: Ball 1-0: Ball 2-0: Ball 3-0: Fly out, F8 (Flyball, 8RM)
|
Top of the 6th over - 0 run(s), 0 hit(s), 0 error(s), 0 left on base; Kingston 0 - Penquannock 0 |
BOTTOM OF THE 6TH |
Penquannock Overrated Jeter batting - Pitching for Kingston Iguanas : RHP Leonardo Lorenzo
|
Batting: RHB Juan Costello
|
0-0: Called Strike 0-1: Swinging Strike 0-2: Foul Ball, location: 2F 0-2: SINGLE (Groundball, 56)
|
Batting: RHB Ignacio Flores
|
0-0: Ball 1-0: Ball 2-0: Called Strike 2-1: SINGLE (Groundball, 56) Juan Costello to second
|
Batting: RHB Tim Hanson
|
0-0: Ball 1-0: Ball 2-0: Called Strike 2-1: Ball 3-1: Base on Balls Juan Costello to third Ignacio Flores to second
|
Batting: LHB Todd Barnes
|
0-0: Fly out, F6 (Popup, 5)
|
Batting: RHB Juan Velásquez
|
0-0: Called Strike 0-1: Ball 1-1: Ball 2-1: Grounds into double play, 5-4-3 (Groundball, 5)
|
Bottom of the 6th over - 0 run(s), 2 hit(s), 0 error(s), 2 left on base; Kingston 0 - Penquannock 0 |
TOP OF THE 7TH |
Kingston Iguanas batting - Pitching for Penquannock Overrated Jeter : LHP Carlos Thomas
|
Batting: SHB Pepe Piña
|
0-0: Ball 1-0: Ball 2-0: Ball 3-0: Called Strike 3-1: Base on Balls
|
Pitching: RHP Joaquín Rojas
|
|
Batting: LHB Bob Greene
|
0-0: Ball 1-0: Called Strike 1-1: Swinging Strike 1-2: Foul Ball, location: 2F 1-2: Strikes out swinging
|
Batting: LHB Dave Gordon
|
0-0: Ball 1-0: Ball 2-0: Foul Ball, location: 2F 2-1: Fly out, F7 (Flyball, 7M)
|
Pinch Hitting: RHB William Duncan
|
0-0: Foul Ball, location: 2F 0-1: Ball 1-1: Ball 2-1: Foul Ball, location: 2F 2-2: Strikes out looking
|
Top of the 7th over - 0 run(s), 0 hit(s), 0 error(s), 1 left on base; Kingston 0 - Penquannock 0 |
BOTTOM OF THE 7TH |
Penquannock Overrated Jeter batting - Pitching for Kingston Iguanas : RHP Leonardo Lorenzo
|
Now at SS: Juan Romero
|
|
Batting: RHB Bernardo Enríquez
|
0-0: Ball 1-0: Ball 2-0: Foul Ball, location: 2F 2-1: Foul Ball, location: 2F 2-2: Ball 3-2: Strikes out swinging
|
Pinch Hitting: LHB Matt Reese
|
0-0: Foul Ball, location: 2F 0-1: Ball 1-1: Foul Ball, location: 2F 1-2: Fly out, F8 (Flyball, 8RS)
|
Batting: RHB Barton Frazier
|
0-0: Ball 1-0: Foul Ball, location: 2F 1-1: Foul Ball, location: 2F 1-2: Strikes out swinging
|
Bottom of the 7th over - 0 run(s), 0 hit(s), 0 error(s), 0 left on base; Kingston 0 - Penquannock 0 |
TOP OF THE 8TH |
Kingston Iguanas batting - Pitching for Penquannock Overrated Jeter : RHP Joaquín Rojas
|
Now at SS: Fernando Díaz
|
|
Pinch Hitting: LHB Raynard Brenner
|
0-0: Ball 1-0: Ball 2-0: Swinging Strike 2-1: Fly out, F9 (Flyball, 89XD)
|
Pinch Hitting: LHB Cliff David
|
0-0: Swinging Strike 0-1: Swinging Strike 0-2: Ball 1-2: Ball 2-2: Strikes out swinging
|
Pinch Hitting: LHB Steve Davis
|
0-0: Called Strike 0-1: Swinging Strike 0-2: Ball 1-2: Strikes out swinging
|
Top of the 8th over - 0 run(s), 0 hit(s), 0 error(s), 0 left on base; Kingston 0 - Penquannock 0 |
BOTTOM OF THE 8TH |
Penquannock Overrated Jeter batting - Pitching for Kingston Iguanas : RHP Leonardo Lorenzo
|
Pitching: RHP Bartolo Hernández
|
|
Now at 2B: Raynard Brenner
|
|
Now at 3B: Geoffrey Joyner
|
|
Now in RF: Steve Davis
|
|
Batting: LHB Bill McJannett
|
0-0: Called Strike 0-1: Foul Ball, location: 2F 0-2: Ball 1-2: Ball 2-2: Ball 3-2: SOLO HOME RUN (Flyball, 89XD), Distance : 396 ft
|
Batting: RHB Juan Costello
|
0-0: Ball 1-0: Ball 2-0: Called Strike 2-1: Called Strike 2-2: Ball 3-2: Foul Ball, location: 2F 3-2: Foul Ball, location: 2F 3-2: Foul Ball, location: 2F 3-2: Base on Balls
|
Pinch Hitting: RHB Earl Conrad
|
0-0: Ball 1-0: Ball Juan Costello steals 2nd base 2-0: Fly out, F4 (Popup, 4M)
|
Batting: RHB Tim Hanson
|
0-0: Intentional Walk
|
Batting: LHB Todd Barnes
|
0-0: Ball 1-0: Ball 2-0: Ball 3-0: Called Strike 3-1: Base on Balls Juan Costello to third Tim Hanson to second
|
Pinch Hitting: RHB Vincent Fields
|
0-0: Foul Ball, location: 2F 0-1: Called Strike 0-2: Ball 1-2: Ball 2-2: Strikes out swinging
|
Batting: RHB Bernardo Enríquez
|
0-0: Ball 1-0: Ball 2-0: Foul Ball, location: 2F 2-1: Foul Ball, location: 2F 2-2: Foul Ball, location: 2F 2-2: Ball 3-2: Fly out, F9 (Flyball, 9LMF)
|
Bottom of the 8th over - 1 run(s), 1 hit(s), 0 error(s), 3 left on base; Kingston 0 - Penquannock 1 |
TOP OF THE 9TH |
Kingston Iguanas batting - Pitching for Penquannock Overrated Jeter : RHP Joaquín Rojas
|
Pitching: RHP Dave Nelson
|
|
Now at 1B: Vincent Fields
|
|
Now at 2B: Héctor Berrios
|
|
Batting: LHB José Torres
|
0-0: Ball 1-0: Ball 2-0: SINGLE (Groundball, 4MD)
|
Batting: LHB Zhi-huan Loong
|
0-0: Ball 1-0: Ball 2-0: Foul Ball, location: 2F 2-1: Ball 3-1: Base on Balls José Torres to second
|
Batting: SHB Pepe Piña
|
0-0: Foul Ball, location: 2F 0-1: Ball 1-1: Called Strike 1-2: Ball 2-2: Ball 3-2: Base on Balls José Torres to third Zhi-huan Loong to second
|
Batting: LHB Bob Greene
|
0-0: Called Strike 0-1: Fly out, F7 (Flyball, 78XD) Runner from 3rd tags up, SCORES, no throw
|
Batting: LHB Dave Gordon
|
0-0: Ball 1-0: Ball 2-0: Foul Ball, location: 2F 2-1: Foul Ball, location: 2F 2-2: Strikes out swinging
|
Batting: LHB Juan Romero
|
0-0: Ball 1-0: Ground out 5-3 (Groundball, 6S)
|
Top of the 9th over - 1 run(s), 1 hit(s), 0 error(s), 2 left on base; Kingston 1 - Penquannock 1 |
BOTTOM OF THE 9TH |
Penquannock Overrated Jeter batting - Pitching for Kingston Iguanas : RHP Bartolo Hernández
|
Pitching: RHP Robert Alexander
|
|
Pinch Hitting: LHB Tony Green
|
0-0: Called Strike 0-1: Ball 1-1: Ball 2-1: Fly out, F8 (Flyball, 8RS)
|
Batting: RHB Barton Frazier
|
0-0: Ball 1-0: Ball 2-0: Ball 3-0: Base on Balls
|
Batting: LHB Bill McJannett
|
0-0: Ball 1-0: Ball Wild Pitch! Barton Frazier to second 2-0: Intentional Walk
|
Batting: RHB Juan Costello
|
0-0: Called Strike 0-1: Called Strike 0-2: Ball 1-2: Ball 2-2: Ball 3-2: Strikes out swinging
|
Pinch Hitting: RHB Doug Brown
|
0-0: Ball 1-0: Ball 2-0: Fly out, F9 (Flyball, 89S)
|
Bottom of the 9th over - 0 run(s), 0 hit(s), 0 error(s), 2 left on base; Kingston 1 - Penquannock 1 |
TOP OF THE 10TH |
Kingston Iguanas batting - Pitching for Penquannock Overrated Jeter : RHP Dave Nelson
|
Now at 3B: Tony Green
|
|
Now at SS: António Rodríguez
|
|
Batting: LHB Raynard Brenner
|
0-0: Ball 1-0: SOLO HOME RUN (Flyball, 9D), Distance : 375 ft
|
Batting: RHB Geoffrey Joyner
|
0-0: Called Strike 0-1: Swinging Strike 0-2: Ball 1-2: Ball 2-2: Foul Ball, location: 2F 2-2: Foul Ball, location: 2F 2-2: Ground out 4-3 (Groundball, 4)
|
Batting: LHB Steve Davis
|
0-0: Ball 1-0: Ball 2-0: Ball 3-0: Base on Balls
|
Batting: LHB José Torres
|
0-0: SINGLE (Line Drive, 8LS) Steve Davis to second
|
Batting: LHB Zhi-huan Loong
|
0-0: Ball 1-0: Ball 2-0: Ball 3-0: Base on Balls Steve Davis to third José Torres to second
|
Batting: SHB Pepe Piña
|
0-0: Ball 1-0: Grounds into double play, 3-2-3 (Groundball, 3L)
|
Top of the 10th over - 1 run(s), 2 hit(s), 0 error(s), 2 left on base; Kingston 2 - Penquannock 1 |
BOTTOM OF THE 10TH |
Penquannock Overrated Jeter batting - Pitching for Kingston Iguanas : RHP Robert Alexander
|
Pitching: RHP José Peña
|
|
Batting: RHB Tim Hanson
|
0-0: Swinging Strike 0-1: Ball 1-1: Ball 2-1: Ball 3-1: Base on Balls
|
Batting: LHB Todd Barnes
|
0-0: Grounds into double play, 6-4-3 (Groundball, 6)
|
Batting: RHB Vincent Fields
|
0-0: Ball 1-0: Ball 2-0: Called Strike 2-1: Swinging Strike 2-2: Strikes out swinging
|
Bottom of the 10th over - 0 run(s), 0 hit(s), 0 error(s), 0 left on base; Kingston 2 - Penquannock 1 |
|